 Dungeon Crawl Stone Soup version 0.32-a0-485-g70f7560b1c (webtiles) character file.

Game seed: 3329987082516379388

93391 Pooter the Ripper (level 15, -23/88 HPs)
             Began as a Felid Berserker on Feb 26, 2024.
             Was a Priest of Trog.
             Killed from afar by a fire dragon (39 damage)
             ... with a blast of flame
             ... on level 15 of the Dungeon on Feb 27, 2024.
             The game lasted 02:45:56 (32556 turns).

Pooter the Ripper (Felid Berserker)                Turns: 32556, Time: 02:45:57

Health: -23/88     AC:  9    Str: 23    XL:     15   Next: 60%
Magic:  0/16       EV: 20    Int: 10    God:    Trog [***...]
Gold:   23         SH:  0    Dex: 16    Spells: 14/14 levels left
                                        Lives:  0   Deaths: 5

rFire   . .          .
                       - Unarmed
rCold   + . .        (shield unavailable)
rNeg    . . .        (body armour unavailable)
rPois   .            (helmet unavailable)
rElec   .            (cloak unavailable)
rCorr   .            (gloves unavailable)
SInv    +            (boots unavailable)
Will    ++...        G - amulet of guardian spirit
Stlth   +++          g - +4 ring of protection
HPRegen 0.34/turn    m - +4 ring of slaying
MPRegen 0.15/turn

%: guardian spirit
@: blade hands, on berserk cooldown, slowed, very slow
A: very small, (claws 1), fangs 3, see invisible, shaggy fur 3, (stealthy paws),
no weapons or thrown items, no armour, multi-lived, iridescent scales 1, strong
1, wild magic 1
a: Begin Untransformation, Renounce Religion, Berserk, Trog's Hand


You were on level 15 of the Dungeon.
You worshipped Trog.
Trog was most pleased with you.
You had blades for front paws.
You visited 3 branches of the dungeon, and saw 22 of its levels.

You collected 1890 gold pieces.
You spent 1867 gold pieces at shops.

Inventory:

Jewellery
 c - a ring of fire
   (You found it on level 9 of the Dungeon)
 e - a +6 ring of dexterity
   (You found it on level 2 of the Dungeon)
 g - a +4 ring of protection (left blade hand)
   (You took it off an orc wizard on level 10 of the Dungeon)
 m - a +4 ring of slaying (right blade hand)
   (You found it on level 4 of the Dungeon)
 u - a ring of flight
   (You found it on level 7 of the Dungeon)
 x - an amulet of the acrobat
   (You found it on level 10 of the Dungeon)
 C - a ring of resist corrosion
   (You found it on level 5 of the Lair of Beasts)
 G - an amulet of guardian spirit (around neck)
   (You bought it in a shop on level 15 of the Dungeon)
Talismans
 r - a blade talisman (active)
   (You found it on level 6 of the Dungeon)
 B - a granite talisman
   (You bought it in a shop on level 15 of the Dungeon)
Wands
 d - a wand of iceblast (5)
   (You found it on level 5 of the Dungeon)
 f - a wand of flame (28)
   (You took it off Pikel on level 7 of the Dungeon)
 z - a wand of mindburst (6)
   (You found it on level 13 of the Dungeon)
 D - a wand of digging (9)
   (You found it on level 5 of the Lair of Beasts)
Scrolls
 i - 3 scrolls of identify {@r1}
 j - a scroll of vulnerability {!r}
 k - 2 scrolls of fog
 l - a scroll of poison {!r}
 n - a scroll of silence
 p - 4 scrolls of fear
 q - 3 scrolls of torment {!r}
 t - 3 scrolls of teleportation {@r4}
 v - 3 scrolls of immolation {!r}
 w - 3 scrolls of revelation
Potions
 a - 10 potions of curing {@q1}
 b - a potion of resistance
 h - 2 potions of haste {@q3}
 o - 5 potions of heal wounds {@q2}
 s - 3 potions of lignification {!q}
 y - a potion of enlightenment
 A - a potion of ambrosia


   Skills:
 + Level 14.3 Fighting
 + Level 6.0 Dodging
 + Level 4.7 Stealth
 * Level 19.5 Unarmed Combat
 + Level 3.4 Evocations
 * Level 11.9 Shapeshifting


You had 14 spell levels left.
You didn't know any spells.
Your spell library was empty.

Dungeon Overview and Level Annotations

Branches:
Dungeon (15/15) Zot: 24755  Temple (0/1) D:7            Lair (5/5) D:8 Zot: 23311
 Shoals (0/4) Lair:2        Snake (0/4) Lair:3        Slime (0/5) Lair:4
    Orc (2/2) D:9 Zot: 21544     Elf (0/3) Orc:2        Vaults (0/5) D:14
 Depths: D:15

Altars:
Elyvilon
Gozag
Kikubaaqudgha
Makhleb
Nemelex Xobeh
Qazlal
Trog
Uskayaw
Vehumet
Wu Jian
Yredelemnul
Zin
Beogh
Jiyva

Shops:
D:11 !   D:15 =   Orc:1 ?   Orc:2 (([:

Portals:
Gauntlet: D:11

Annotations:
D:7 1 runed translucent door, Crazy Yiuf
D:12 2 transporters, TheLasagnaBaron's ghost, journeyman OnBe


Innate Abilities, Weirdness & Mutations

You have blades for front paws.
((You have sharp claws.))
You have razor-sharp teeth.
You have supernaturally acute eyesight. (SInv)
Your thick and shaggy fur keeps you warm. (AC +3, rC+)
((Your paws help you pounce on unaware monsters.))
You are incapable of wielding weapons or throwing items.
You cannot wear armour.
You gain extra lives every three experience levels.
You are partially covered in iridescent scales. (AC +2)
Your muscles are strong. (Str +4, Int/Dex -1)
Your spells are a little harder to cast, but a little more powerful.


Message History

You closely miss the centaur warrior. Your slash misses the centaur warrior.
The centaur warrior closely misses you.
The centaur warrior kicks you but does no damage.
The manticore bites you but does no damage.
The manticore misses you. The manticore claws you.
* * * LOW MAGIC WARNING * * *
You are too injured to fight recklessly!
You are too injured to fight recklessly!
You are too injured to fight recklessly!
A red film seems to cover your vision as you go berserk!
You feel yourself moving faster!
You feel mighty!
The centaur warrior misses you. x3; The centaur warrior barely misses you.
The manticore bites you but does no damage.
The manticore claws you but does no damage.
The manticore completely misses you.
You barely miss the centaur warrior. You bite the centaur warrior!
You slash the centaur warrior!
The centaur warrior hits you with a +0 long sword!
* * * LOW MAGIC WARNING * * *
* * * LOW HITPOINT WARNING * * *
The centaur warrior kicks you.
* * * LOW HITPOINT WARNING * * *
You shred the centaur warrior!!!
You kill the centaur warrior!
Trog accepts your kill. The fire dragon breathes flames at you.
The blast of flame hits you!!!
* * * LOW MAGIC WARNING * * *
* * * LOW HITPOINT WARNING * * *
The manticore misses you.
The manticore claws you but does no damage.
The manticore completely misses you.
You shred the manticore!!!
You kill the manticore!
Trog accepts your kill.
Unknown command.
You feel a strong urge to attack something.
You enter a dispersal trap!
The fire dragon blinks! x2; You blink.
Found a scroll of identify and a long sword.
You feel your anger nearly subside.
You are no longer berserk.
You are exhausted.
You feel yourself slow down.
You hit the fire dragon.
You slash the fire dragon, but do no damage.
Your bite misses the fire dragon. The fire dragon breathes flames at you.
The blast of flame hits you!!!
* * * LOW MAGIC WARNING * * *
You die...

##.#####..#.... ##
#..............
##.###..............
.....[............#
##.###.............#
.####.§#....).....#.....
..?.....................
#..........§............
#...D@.....§..........
#............#########
...............⌠.
............##.....
..#.........# ....... .
##.####...# .⌠#..## )..
#.#.# .##### ..## #.#.#
.. ## .#.#


You could see a fire dragon (catching breath).

Vanquished Creatures
  Kirke (Lair:4)
  Frances (D:13)
  An orc warlord (Orc:2)
  The ghost of jasper the Martial Artist, a journeyman GnSh of Jiyva (Lair:5)
  Snorg (D:13)
  The ghost of BubbleThief the Fighter, a journeyman NaCA of Ignis (D:10)
  A rakshasa (D:15)
  7 hydras
  Erolcha (D:10)
  Harold (D:10)
  The ghost of gebbletook2 the Nimble, a journeyman OpSh (D:9)
  3 catoblepae (Lair:5)
  2 boulder beetles
  4 centaur warriors
  A death knight (D:14)
  5 two-headed ogres
  13 death yaks
  A tengu warrior (D:15)
  A deep troll earth mage (D:15)
  2 orc high priests (Orc:2)
  Nergalle (D:10)
  A skeletal warrior (D:9)
  3 skysharks
  An arcanist (D:13)
  3 orc knights
  2 deep elf pyromancers (D:15)
  The ghost of Krumphau the Slasher, a novice DsMo of Makhleb (D:6)
  A phantasmal warrior (D:14)
  9 ugly things
  Pikel (D:7)
  5 cyclopes
  Maurice (Orc:2)
  6 manticores
  A spectral centaur (D:10)
  A guardian serpent (D:13)
  7 kobold blastminers (Orc:2)
  A centaur zombie (D:10)
  5 black mambas
  Maggie (D:7)
  A gargoyle (D:13)
  14 cane toads
  3 rime drakes
  13 komodo dragons
  A tengu conjurer (D:15)
  A kobold demonologist (D:12)
  3 polar bears
  7 trolls
  A hornet (D:10)
  23 blink frogs
  Grinder (D:4)
  A spectral meliai (D:10)
  21 slime creatures
  3 centaur simulacra (D:10)
  A water elemental (D:14)
  A wyvern (D:9)
  A human (shapeshifter) (D:13)
  A vampire (D:12)
  6 wraiths
  60 yaks
  A steam dragon (Lair:1)
  3 basilisks
  A yak (shapeshifter) (D:13)
  2 vampire mosquitoes (D:12)
  2 wargs
  A redback simulacrum (D:14)
  The ghost of jestert79 the Charlatan, an amateur CoAr (D:3)
  3 acid dragons
  3 nagas (Lair:3)
  19 water moccasins
  24 orc warriors
  A black bear (D:6)
  5 ice beasts (D:8)
  2 sky beasts
  A laughing skull (D:15)
  10 ogres
  15 wolves
  3 centaurs
  A phantom (D:5)
  4 kobold brigands
  12 bullfrogs
  3 gnoll sergeants
  5 scorpions
  5 wights (D:7)
  9 killer bees
  5 howler monkeys
  3 electric eels (Lair:1)
  17 orc priests
  2 hounds
  A jelly (D:6)
  A gnoll bouda (D:6)
  3 iguanas
  A sleepcap (D:5)
  25 orc wizards
  A scorpion simulacrum (D:3)
  24 gnolls
  7 adders
  A hound simulacrum (D:3)
  2 shadow imps (D:7)
  3 dart slugs
  3 ribbon worms
  2 adder simulacra (D:3)
  86 orcs
  5 endoplasms
  6 goblins
  5 hobgoblins
  4 jackals (D:1)
  4 kobolds
  2 quokkas
  4 ball pythons
  5 bats
  2 frilled lizards
  A quokka simulacrum (D:3)
  A rat (D:1)
625 creatures vanquished.

Vanquished Creatures (others)
  A yak (Lair:1)
  4 humans (Lair:4)
5 creatures vanquished.

Grand Total: 630 creatures vanquished

Notes
Turn   | Place    | Note
-------+----------+-------------------------------------------
     0 | D:1      | Pooter the Felid Berserker began the quest for the Orb.
     0 | D:1      | Reached XP level 1. HP: 12/12 MP: 2/2
    47 | D:1      | Reached XP level 2. HP: 12/16 MP: 3/3
   991 | D:2      | Reached skill level 1 in Shapeshifting
   991 | D:2      | Reached XP level 3. HP: 20/20 MP: 4/4
  1935 | D:3      | Noticed jestert79's ghost (amateur CoAr)
  1960 | D:3      | Found a runed translucent gate.
  1960 | D:3      | Found a runed translucent gate.
  1960 | D:3      | Found a runed translucent gate.
  1995 | D:3      | Reached skill level 4 in Unarmed Combat
  2099 | D:3      | Reached ** piety under Trog
  2100 | D:3      | Reached XP level 4. HP: 24/24 MP: 5/5
  2100 | D:3      | Gained a life (2 lives remaining)
  2242 | D:3      | Found an opulent altar of Gozag.
  2302 | D:3      | Found a sparkling altar of Nemelex Xobeh.
  2337 | D:3      | Found a bloodstained altar of Trog.
  2702 | D:4      | Noticed a sky beast
  2708 | D:4      | Killed a sky beast
  2709 | D:4      | Reached XP level 5. HP: 29/29 MP: 6/6
  3068 | D:4      | Found a basalt altar of Yredelemnul.
  3193 | D:4      | Noticed Grinder
  3252 | D:4      | Noticed an ogre
  3431 | D:5      | Entered Level 5 of the Dungeon
  3512 | D:5      | Noticed a phantom
  3519 | D:5      | Killed a phantom
  3520 | D:5      | Reached skill level 5 in Unarmed Combat
  3606 | D:5      | Gained mutation: You are covered in thick fur. (AC +2)
                  | [Felid growth]
  3606 | D:5      | Reached XP level 6. HP: 27/33 MP: 7/7
  4148 | D:6      | Found a transporter.
  4154 | D:6      | Noticed a yak
  4156 | D:6      | Noticed Krumphau's ghost (novice DsMo)
  4161 | D:6      | Reached skill level 6 in Unarmed Combat
  4161 | D:6      | Reached XP level 7. HP: 34/38 MP: 8/8
  4175 | D:6      | Noticed a slime creature
  4409 | D:6      | Reached skill level 5 in Fighting
  4633 | D:6      | Reached skill level 7 in Unarmed Combat
  4687 | D:6      | Found a transporter.
  4687 | D:6      | Found the +1 Delatra's gloves {ID++}
  4712 | D:6      | Reached XP level 8. HP: 35/44 MP: 9/9
  5396 | D:7      | Reached skill level 8 in Unarmed Combat
  5824 | D:7      | Noticed Pikel
  5844 | D:7      | Killed Pikel
  5845 | D:7      | Reached skill level 9 in Unarmed Combat
  5845 | D:7      | Reached XP level 9. HP: 49/49 MP: 10/10
  6108 | D:7      | Noticed Maggie
  6163 | D:7      | Killed Maggie
  6164 | D:7      | Reached skill level 5 in Shapeshifting
  6336 | D:7      | Found a runed translucent door.
  6336 | D:7      | Noticed Crazy Yiuf
  6375 | D:7      | Found a staircase to the Ecumenical Temple.
  6821 | D:8      | Reached skill level 10 in Unarmed Combat
  7044 | D:8      | Noticed a rime drake
  7335 | D:8      | Found an ancient bone altar of Kikubaaqudgha.
  7775 | D:8      | Found a stormy altar of Qazlal.
  7854 | D:8      | Found a staircase to the Lair.
  7986 | D:8      | Reached XP level 10. HP: 28/56 MP: 11/11
  8870 | D:9      | Reached skill level 11 in Unarmed Combat
  8913 | D:9      | Found a burning altar of Makhleb.
  9076 | D:9      | Noticed gebbletook2's ghost (journeyman OpSh)
  9077 | D:9      | Found a large runed translucent door.
  9077 | D:9      | Found a large runed translucent door.
  9225 | D:9      | Noticed a cyclops
  9238 | D:9      | Killed a cyclops
  9360 | D:9      | Found a staircase to the Orcish Mines.
  9696 | D:9      | Noticed a skeletal warrior
  9696 | D:9      | Found the +5 scythe "Finisher" {speed, execute}
  9708 | D:9      | Killed a skeletal warrior
  9713 | D:9      | Reached skill level 12 in Unarmed Combat
 10053 | D:10     | Entered Level 10 of the Dungeon
 10093 | D:10     | Noticed Nergalle
 10097 | D:10     | Killed Nergalle
 10145 | D:10     | Found a white marble altar of Elyvilon.
 10145 | D:10     | Found a radiant altar of Vehumet.
 10670 | D:10     | Reached XP level 11. HP: 32/62 MP: 12/12
 10832 | D:10     | Found a runed translucent gate.
 10832 | D:10     | Found a runed translucent gate.
 10832 | D:10     | Found a runed translucent gate.
 10855 | D:10     | Found an ornate altar of the Wu Jian Council.
 10885 | D:10     | Noticed Harold
 10886 | D:10     | Paralysed by a hornet for 2 turns
 11144 | D:10     | Found a hide-covered altar of Uskayaw.
 11392 | D:10     | Noticed a two-headed ogre
 11398 | D:10     | Killed a two-headed ogre
 11874 | D:10     | Noticed Erolcha
 11879 | D:10     | HP: 1/45 [Harold/+4 war axe of flaming (4)]
 11879 | D:10     | Slain by Harold
 11879 | D:10     | Lost a life (1 life remaining)
 11939 | D:10     | Noticed BubbleThief's ghost (journeyman NaCA)
 12004 | D:10     | Killed Erolcha
 12020 | D:10     | Slain by Harold
 12020 | D:10     | Lost a life (0 lives remaining)
 12039 | D:10     | Killed Harold
 12040 | D:10     | Reached skill level 13 in Unarmed Combat
 12280 | Orc:1    | Entered Level 1 of the Orcish Mines
 12482 | Orc:1    | You fall into a shaft and drop 1 floor!
 12482 | Orc:2    | Entered Level 2 of the Orcish Mines
 12483 | Orc:2    | Found a roughly hewn altar of Beogh.
 12483 | Orc:2    | Found Cunyq's Book Boutique.
 12483 | Orc:2    | Found a roughly hewn altar of Beogh.
 12490 | Orc:2    | Found a staircase to the Elven Halls.
 12492 | Orc:2    | Noticed an orc knight
 12809 | Orc:1    | Found Zoteresy's Magic Scroll Boutique.
 12817 | Orc:1    | Bought a scroll of teleportation for 39 gold pieces
 12817 | Orc:1    | Bought a scroll of teleportation for 39 gold pieces
 12817 | Orc:1    | Bought a scroll of immolation for 52 gold pieces
 12817 | Orc:1    | Bought a scroll of teleportation for 39 gold pieces
 12817 | Orc:1    | Bought a scroll of revelation for 97 gold pieces
 12817 | Orc:1    | Bought a scroll of teleportation for 39 gold pieces
 12817 | Orc:1    | Bought a scroll of identify for 26 gold pieces
 13003 | Lair:1   | Entered Level 1 of the Lair of Beasts
 13828 | Lair:1   | Reached skill level 10 in Fighting
 14070 | Lair:1   | Noticed a skyshark
 14079 | Lair:1   | Killed a skyshark
 14603 | Lair:1   | Reached skill level 14 in Unarmed Combat
 15052 | Lair:1   | Gained mutation: Your thick and shaggy fur keeps you warm.
                  | (AC +3, rC+) [Felid growth]
 15052 | Lair:1   | Reached XP level 12. HP: 13/68 MP: 13/13
 15052 | Lair:1   | Gained a life (1 life remaining)
 15799 | Lair:2   | Noticed a four-headed hydra
 15835 | Lair:2   | Killed a four-headed hydra
 17202 | Lair:2   | Reached skill level 15 in Unarmed Combat
 17365 | Lair:2   | Found a staircase to the Shoals.
 17365 | Lair:2   | Noticed a boulder beetle
 17412 | Lair:2   | Killed a boulder beetle
 18033 | Lair:3   | Found a staircase to the Snake Pit.
 19088 | Lair:4   | Noticed a six-headed hydra
 19091 | Lair:4   | Killed a six-headed hydra
 19092 | Lair:4   | Reached XP level 13. HP: 74/74 MP: 14/14
 19092 | Lair:4   | Gained a life (2 lives remaining)
 19364 | Lair:4   | Noticed Kirke
 19371 | Lair:4   | Killed Kirke
 19372 | Lair:4   | Reached skill level 16 in Unarmed Combat
 19393 | Lair:4   | Mangled by a komodo dragon
 19393 | Lair:4   | Lost a life (1 life remaining)
 19608 | Lair:4   | Found a glowing silver altar of Zin.
 19796 | Lair:4   | Found a staircase to the Slime Pits.
 19796 | Lair:4   | Found a viscous altar of Jiyva.
 20380 | Lair:4   | You fall into a shaft and drop 1 floor!
 20380 | Lair:5   | Entered Level 5 of the Lair of Beasts
 20502 | Lair:5   | Reached skill level 10 in Shapeshifting
 20790 | Lair:5   | Reached skill level 17 in Unarmed Combat
 21755 | Lair:5   | Found a runed translucent door.
 21756 | Lair:5   | Noticed jasper's ghost (journeyman GnSh)
 22342 | Lair:4   | Reached XP level 14. HP: 81/81 MP: 15/15
 22342 | Lair:4   | Gained a life (2 lives remaining)
 22931 | D:4      | Killed Grinder
 23310 | D:3      | Killed jestert79's ghost
 23466 | D:6      | Killed Krumphau's ghost
 23708 | D:9      | Killed gebbletook2's ghost
 23855 | D:10     | Killed BubbleThief's ghost
 24286 | Orc:1    | HP: 5/123 [orc/+0 hand axe (3)]
 24286 | Orc:1    | Slain by a troll
 24286 | Orc:1    | Lost a life (1 life remaining)
 24712 | Orc:2    | Reached skill level 18 in Unarmed Combat
 25081 | Orc:2    | Found a roughly hewn altar of Beogh.
 25269 | Orc:2    | Found a roughly hewn altar of Beogh.
 25497 | Orc:2    | Noticed Maurice
 25508 | Orc:2    | Killed Maurice
 25540 | Orc:2    | Noticed an orc warlord
 25541 | Orc:2    | Reached *** piety under Trog
 25562 | Orc:2    | Mangled by an orc warlord
 25562 | Orc:2    | Lost a life (0 lives remaining)
 25588 | Orc:2    | Killed an orc warlord
 25908 | Orc:2    | Found a roughly hewn altar of Beogh.
 25909 | Orc:2    | Found Nito's Antique Weapon Boutique.
 25964 | Orc:2    | Found Lenecvuj's Antique Weapon Emporium.
 25965 | Orc:2    | Found a roughly hewn altar of Beogh.
 25966 | Orc:2    | Found Bek Aso's Antique Armour Shoppe.
 27100 | Lair:5   | Killed jasper's ghost
 27317 | D:11     | Identified the +0 plate armour of Limited Liability {rPois}
 27503 | D:11     | Found a gate leading to a gauntlet.
 27582 | D:11     | Found Zasocyz's Distillery.
 27636 | D:11     | Bought a potion of heal wounds for 65 gold pieces
 27636 | D:11     | Bought a potion of mutation for 104 gold pieces
 27636 | D:11     | Bought a potion of heal wounds for 65 gold pieces
 27636 | D:11     | Bought a potion of mutation for 104 gold pieces
 27636 | D:11     | Bought a potion of haste for 130 gold pieces
 27636 | D:11     | Bought a potion of curing for 39 gold pieces
 27636 | D:11     | Bought a potion of curing for 39 gold pieces
 27670 | D:11     | Gained mutation: You are partially covered in large bone
                  | plates. (SH +4) [potion of mutation]
 27670 | D:11     | Gained mutation: You are frail. (-10% HP) [potion of
                  | mutation]
 27670 | D:11     | Gained mutation: You sometimes lose your temper in combat.
                  | [potion of mutation]
 27670 | D:11     | Lost mutation: You are frail. (-10% HP) [potion of
                  | mutation]
 27671 | D:11     | Lost mutation: You sometimes lose your temper in combat.
                  | [potion of mutation]
 27671 | D:11     | Lost mutation: You are partially covered in large bone
                  | plates. (SH +4) [potion of mutation]
 27671 | D:11     | Gained mutation: You expend magic power (3 MP) to
                  | strengthen your wands. [potion of mutation]
 27671 | D:11     | Gained mutation: You have hidden genetic defects. [potion
                  | of mutation]
 27671 | D:11     | Lost mutation: You have hidden genetic defects. [potion of
                  | mutation]
 27672 | D:11     | Lost mutation: You expend magic power (3 MP) to strengthen
                  | your wands. [potion of mutation]
 27672 | D:11     | Gained mutation: You are dopey. (Int -2) [potion of
                  | mutation]
 27672 | D:11     | Gained mutation: You expend magic power (3 MP) to
                  | strengthen your wands. [potion of mutation]
 27672 | D:11     | Gained mutation: You are partially covered in large bone
                  | plates. (SH +4) [potion of mutation]
 27673 | D:11     | Lost mutation: You are partially covered in large bone
                  | plates. (SH +4) [potion of mutation]
 27673 | D:11     | Lost mutation: You are dopey. (Int -2) [potion of mutation]
 27673 | D:11     | Lost mutation: You expend magic power (3 MP) to strengthen
                  | your wands. [potion of mutation]
 27673 | D:11     | Gained mutation: You are occasionally teleported next to
                  | monsters. [potion of mutation]
 27673 | D:11     | Gained mutation: You are agile. (Dex +4, Str/Int -1)
                  | [potion of mutation]
 27674 | D:11     | Lost mutation: You are occasionally teleported next to
                  | monsters. [potion of mutation]
 27674 | D:11     | Lost mutation: You are agile. (Dex +4, Str/Int -1) [potion
                  | of mutation]
 27674 | D:11     | Gained mutation: You are partially covered in iridescent
                  | scales. (AC +2) [potion of mutation]
 27674 | D:11     | Gained mutation: Your muscles are strong. (Str +4, Int/Dex
                  | -1) [potion of mutation]
 27674 | D:11     | Gained mutation: Your spells are a little harder to cast,
                  | but a little more powerful. [potion of mutation]
 27916 | D:12     | Found a bloodstained altar of Trog.
 27916 | D:12     | Noticed TheLasagnaBaron's ghost (journeyman OnBe)
 27928 | D:12     | Found a transporter.
 28064 | D:12     | Found a transporter.
 28334 | D:13     | Reached skill level 19 in Unarmed Combat
 28358 | D:13     | Noticed Snorg
 28365 | D:13     | Killed Snorg
 28374 | D:13     | Reached XP level 15. HP: 87/87 MP: 16/16
 28482 | D:13     | Noticed Frances
 28496 | D:13     | Killed Frances
 28497 | D:13     | Reached skill level 1 in Stealth
 28571 | D:13     | Reached skill level 1 in Evocations
 29989 | D:13     | Reached skill level 5 in Dodging
 30324 | D:14     | You fall into a shaft and drop 1 floor!
 30324 | D:15     | Entered Level 15 of the Dungeon
 31129 | D:14     | Found a gate to the Vaults.
 31460 | D:15     | Found Jaarig's Jewellery Boutique.
 31469 | D:15     | Bought a granite talisman for 660 gold pieces
 31738 | D:15     | Reached **** piety under Trog
 32498 | D:15     | Bought an amulet of guardian spirit for 330 gold pieces
 32556 | D:15     | Killed from afar by a fire dragon

Illustrated notes

Levels and vault maps discovered:
D:1:      dpeg_arrival_boxorama, layout_basic, serial_curves, eino_curves_02,
          eino_curves_03
D:2:      layout_basic
D:3:      layout_basic, mainiacjoe_overflow_surrounded_room,
          mainiacjoe_overflow_tiny_flanked, nemelex_altar_shiori,
          gammafunk_ghost_icy
D:4:      layout_layer_cave, lemuel_crystal_altar, uniq_grinder
D:5:      layout_cave_pools
D:6:      layout_basic, gammafunk_ghost_arena
D:7:      layout_basic, minmay_temple_entry_hall, uniq_pikel,
          uniq_crazy_yiuf_cottage, uniq_maggie
D:8:      layout_loops_corners, grunt_qazlal_clouds, kiku_gazebo_pond_becter,
          hellmonk_lair_entry_icy
D:9:      layout_loops_ring, lemuel_round_altar, erik_orc_3,
          ebering_ghost_disaster_area, minmay_guarded_unrand_finisher
D:10:     layout_loops_corners, mainiacjoe_overflow_paths,
          nzn_wu_jian_council_hall, gammafunk_temple_overflow_elements,
          gammafunk_ghost_necromancy, uniq_nergalle, uniq_erolcha, uniq_harold
D:11:     layout_rooms, serial_shops, nicolae_shop_industrial_runoff,
          gauntlet_entry_generic
D:12:     layout_roguey, gammafunk_ghost_wrathful_warriors
D:13:     layout_basic, nrook_guardian_serpent_double, uniq_snorg, uniq_frances
D:14:     layout_basic, hellmonk_vaults_attempted_burglary, minmay_crystal_water
D:15:     hellmonk_depths_entry_around_the_bend, layout_rooms, serial_shops,
          shop, minmay_misc_feat_tiny
Lair:1:   layout_regular_city, serial_bayou_shore_b, lemuel_fruit_fields,
          serial_bayou_shore_a, lemuel_fruit_fields
Lair:2:   beargit_carnivore_pack, layout_chaotic_city,
          minmay_shoals_entry_centaurs, grunt_megastairs_2
Lair:3:   layout_cave_pods, minmay_snake_entry_guardpost_small
Lair:4:   layout_regular_city, slime_entry_1, basic_altar, wad_woods_road_03,
          nicolae_lair_grazing_beasts [nicolae_sub_lair_graze_edge,
          nicolae_sub_lair_graze_edge, nicolae_sub_lair_graze_edge,
          nicolae_sub_lair_graze_edge], grunt_megastairs_1,
          infiniplex_staircase_pool, uniq_kirke
Lair:5:   evilmike_catoblepas_cave, layout_misc_corridors,
          gammafunk_ghost_grave, grunt_megastairs_5
Orc:1:    layout_caves, serial_shops, shop
Orc:2:    grunt_orc_community_town_hall, layout_caves,
          grunt_orc_community_big_house_1, grunt_orc_community_big_house_1,
          grunt_orc_community_house_2, grunt_orc_community_house_3,
          grunt_orc_community_house_2, grunt_orc_community_house_1,
          grunt_orc_community_house_1, blackcustard_mines_bat_river,
          uniq_maurice

Skill      XL: |  1  2  3  4  5  6  7  8  9 10 11 12 13 14 15 |
---------------+----------------------------------------------+-----
Shapeshifting  | 1 2 3 4 5 7 8 9 10 11 | 11.9
Unarmed Combat | 4 5 6 7 9 10 12 14 15 17 19 | 19.5
Fighting       | 4 5 6 7 9 10 11 12 13 14 | 14.3
Stealth        | 4 |  4.7
Evocations     | 3 |  3.4
Dodging        | 6 |  6.0

Action                     |  1- 3 |  4- 6 |  7- 9 | 10-12 | 13-15 || total
---------------------------+-------+-------+-------+-------+-------++-------
  Melee: Unarmed           |    78 |    69 |   180 |   384 |   782 ||  1493
         Bite              |    10 |     9 |    22 |    41 |   110 ||   192
         Punch             |     4 |     1 |    13 |    35 |    88 ||   141
 Invoke: Berserk           |     1 |     2 |    13 |    41 |    49 ||   106
         Trog's Hand       |       |     1 |     6 |    12 |    29 ||    48
  Evoke: Wand              |       |     2 |     7 |    13 |    12 ||    34
    Use: Scroll            |     4 |     2 |     6 |    11 |    14 ||    37
         Potion            |       |       |     1 |     4 |    10 ||    15
   Stab: Sleeping          |     3 |     1 |     2 |       |     1 ||     7
         Distracted        |       |       |     1 |     1 |       ||     2
         Invisible         |       |       |       |     1 |       ||     1
 Armour: Skin              |    22 |    23 |    65 |   166 |   369 ||   645
  Dodge: Dodged            |    54 |    35 |   135 |   293 |   622 ||  1139
   Form: Blade             |       |       |       |     2 |     1 ||     3
                           |       |       |       |     1 |       ||     1
         Statue            |       |       |       |       |     1 ||     1

Table legend: (Time is in decaauts)
 A = Elapsed time spent in this place.
 B = Non-inter-level travel time spent in this place.
 C = Inter-level travel time spent in this place.
 D = Time resting spent in this place.
 E = Time spent auto-exploring this place.
 F = Levels seen in this place.
 G = Mean time per level.
                   A        B        C        D        E       F      G
               +--------+--------+--------+--------+--------+-----+--------+
         Total |  33229 |  31334 |   1895 |  13368 |  12550 |  22 | 1510.4 |
       Dungeon |  19759 |  18303 |   1456 |   6834 |   8537 |  15 | 1317.3 |
          Lair |  11014 |  10653 |    361 |   5656 |   3060 |   5 | 2202.8 |
  Orcish Mines |   2455 |   2378 |     77 |    878 |    953 |   2 | 1227.5 |
               +--------+--------+--------+--------+--------+-----+--------+

Top non-repeatable levels by time:
    D:10: 2650 daAuts
  Lair:5: 2587 daAuts
  Lair:1: 2490 daAuts
    D:14: 2401 daAuts
     D:8: 2292 daAuts
  Lair:2: 2292 daAuts
  Lair:4: 2172 daAuts
     D:9: 1761 daAuts
     D:6: 1656 daAuts
     D:7: 1555 daAuts
  Lair:3: 1472 daAuts
   Orc:1: 1389 daAuts
    D:13: 1389 daAuts
     D:4: 1241 daAuts
   Orc:2: 1066 daAuts
